[Event "Titled Tuesday Blitz July 27 2021"]
[White "Nesterov, Arseniy"]
[Black "Shtyka, Sergey"]
[WhiteFideId "24198455"]
[BlackFideId "4138465"]
[WhiteElo "2477"]
[BlackElo "2064"]
[Result "0-1"]
[Round "10"]
[TimeControl "180+1"]
[Date "2021.07.27"]
[WhiteClock "0:00:02"]
[BlackClock "0:00:05"]

1. d4 c5 2. d5 e5 3. Nc3 d6 4. e4 Be7 5. Nf3 Bg4 6. h3 Bxf3 7. Qxf3 a6 8. h4 b5 9. a4 b4 10. Nd1 Bxh4 11. Ne3 g6 12. Nc4 Be7 13. a5 Nd7 14. g3 h5 15. g4 h4 16. g5 Nf8 17. Bh3 Rh5 18. Bg4 Rxg5 19. Bxg5 Bxg5 20. Bh3 Bf4 21. Qb3 Nh7 22. Qa4+ Kf8 23. Qc6 Ng5 24. Nxd6 Kg7 25. Bg4 Ne7 26. Qxc5 h3 27. Nc4 h2 28. d6 Ng8 29. Qc7 Qf8 30. d7 Nf6 31. Be2 Rd8 32. Nb6 Qe7 33. Rd1 Nfxe4 34. Bxa6 Nf6 35. Bb5 Ne6 36. Qc6 b3 37. cxb3 Qb4+ 38. Kf1 Qxb3 39. Kg2 Ng5 40. Qc4 Qh3# 0-1


[Site "https://www.chess.com"]

[Event "Titled Tuesday Blitz July 27 2021"]
[White "Nguyen, Quoc Hy"]
[Black "Altman, Joshua"]
[WhiteFideId "12410853"]
[BlackFideId "426210"]
[WhiteElo "1975"]
[BlackElo "1945"]
[Result "1/2-1/2"]
[Round "10"]
[TimeControl "180+1"]
[Date "2021.07.27"]
[WhiteClock "0:00:06"]
[BlackClock "0:00:15"]

1. d4 Nf6 2. c4 e6 3. Nc3 Bb4 4. Qc2 O-O 5. Bg5 c5 6. dxc5 Na6 7. a3 Bxc3+ 8. Qxc3 Nxc5 9. Bxf6 Qxf6 10. Qxf6 gxf6 11. b4 Na4 12. e3 a5 13. Nf3 Nb6 14. c5 Nd5 15. b5 b6 16. cxb6 Nxb6 17. Be2 Bb7 18. O-O Rfc8 19. Rfc1 Bd5 20. Nd2 f5 21. Bf3 a4 22. Kf1 Kf8 23. Ke2 Ke7 24. Kd3 e5 25. Bxd5 Nxd5 26. Nc4 d6 27. Rab1 Rab8 28. g3 Rb7 29. e4 fxe4+ 30. Kxe4 Nf6+ 31. Kd3 d5 32. Nxe5 Rxc1 33. Rxc1 Rxb5 34. Rc7+ Ke6 35. Nxf7 Rb3+ 36. Kc2 Rxa3 37. Ng5+ Kf5 38. Nxh7 Ra2+ 39. Kd3 Rxf2 40. Nxf6 Kxf6 41. Ra7 a3 42. Kd4 Rxh2 43. Rxa3 Ke6 44. Ra6+ Kf5 45. Kxd5 Kg4 46. Rg6+ Kf3 47. Rg8 Rg2 48. g4 Rxg4 49. Rxg4 Kxg4 1/2-1/2


[Site "https://www.chess.com"]

[Event "Titled Tuesday Blitz July 27 2021"]
[White "Nugumanov, Bakhtiyar"]
[Black "Lohani, Sujana"]
[WhiteFideId "13701797"]
[BlackFideId "12311987"]
[WhiteElo "2262"]
[BlackElo "1691"]
[Result "0-1"]
[Round "10"]
[TimeControl "180+1"]
[Date "2021.07.27"]
[WhiteClock "0:00:48"]
[BlackClock "0:00:17"]

1. e4 c5 2. Nc3 g6 3. f4 Bg7 4. Nf3 e6 5. f5 exf5 6. exf5 Ne7 7. fxg6 hxg6 8. Bc4 d5 9. Bb5+ Kf8 10. O-O Qd6 11. d4 Bxd4+ 12. Kh1 Bg4 13. Ne2 Bxf3 14. Bf4 Qxf4 15. Nxf4 Bxd1 16. Ne6+ Kg8 17. Nc7 Be5 18. Nxa8 Bxc2 19. h3 Be4 20. Kg1 Nbc6 21. Rae1 Kg7 22. Be2 Rxa8 23. Bf3 Bxf3 24. Rxf3 Bd4+ 25. Kh2 Nf5 26. g4 Nd6 27. Rff1 Re8 28. Rxe8 Nxe8 29. h4 Nd6 30. Kh3 Ne4 31. h5 gxh5 32. gxh5 Ne5 33. b3 b5 34. Rf5 a5 35. Kg2 c4 36. bxc4 bxc4 37. Rf1 c3 38. Rd1 c2 39. Rc1 Nc4 40. Kf3 Ne3 41. Rg1+ Kh6 42. Ke2 Nc3+ 43. Kd3 Nxa2 44. Ke2 c1=Q 45. Rxc1 Nxc1+ 46. Kf3 Bc5 47. Kf4 a4 48. Ke5 a3 49. Kf6 a2 50. Kxf7 a1=Q 51. Kg8 Qg7# 0-1


[Site "https://www.chess.com"]

[Event "Titled Tuesday Blitz July 27 2021"]
[White "Obregon, Andres Carlos"]
[Black "Demchenko, Anton"]
[WhiteFideId "111724"]
[BlackFideId "4160258"]
[WhiteElo "2572"]
[BlackElo "2593"]
[Result "0-1"]
[Round "10"]
[TimeControl "180+1"]
[Date "2021.07.27"]
[WhiteClock "0:00:54"]
[BlackClock "0:00:28"]

1. d4 d5 2. Nf3 Nf6 3. c4 dxc4 4. e3 Bg4 5. Bxc4 e6 6. h3 Bh5 7. O-O Nbd7 8. Be2 Be7 9. Nc3 O-O 10. e4 c6 11. Be3 Rc8 12. Rc1 a6 13. g4 Bg6 14. Nd2 c5 15. f3 b5 16. Kg2 Qb6 17. Nb3 c4 18. Na1 Rfd8 19. Qe1 h6 20. a3 a5 21. a4 bxa4 22. Nxa4 Qb7 23. Bxc4 Nxe4 24. fxe4 Bxe4+ 25. Kg1 Nf6 26. Qe2 Nd5 27. Ba6 Qb8 28. Rxc8 Rxc8 29. Bxc8 Qg3+ 0-1


[Site "https://www.chess.com"]

[Event "Titled Tuesday Blitz July 27 2021"]
[White "Omk124"]
[Black "Moon_stone123"]
[WhiteElo "2576"]
[BlackElo "2421"]
[Result "1-0"]
[Round "10"]
[TimeControl "180+1"]
[Date "2021.07.27"]
[WhiteClock "0:00:58"]
[BlackClock "0:00:17"]

1. e4 c6 2. c4 d5 3. exd5 cxd5 4. cxd5 Nf6 5. Nc3 Nxd5 6. Nf3 Nc6 7. Bb5 e6 8. O-O Be7 9. d4 O-O 10. Re1 Bf6 11. Ne4 Bd7 12. Bd3 Be7 13. a3 Nf6 14. Ng3 Nb8 15. b4 Bc6 16. Bb2 Bd5 17. Rc1 a5 18. b5 Nbd7 19. Ne5 Nb6 20. Bb1 Rc8 21. Qd3 g6 22. Qe3 Nc4 23. Nxc4 Rxc4 24. Rxc4 Bxc4 25. d5 Nxd5 26. Qh6 Bf6 27. Bxf6 Qxf6 28. Nh5 Qc3 29. Rc1 Qb2 30. Be4 Qd4 31. h3 Rc8 32. Bxd5 exd5 33. Qg5 Kh8 34. Nf4 Kg7 35. Re1 h6 36. Qg4 Rc7 37. Nh5+ Kh7 38. Qxd4 gxh5 39. Re8 1-0


[Site "https://www.chess.com"]

[Event "Titled Tuesday Blitz July 27 2021"]
[White "Onyshchuk, Volodymyr"]
[Black "Martinez Alcantara, Jose Eduardo"]
[WhiteFideId "14114038"]
[BlackFideId "3805662"]
[WhiteElo "2603"]
[BlackElo "2690"]
[Result "1-0"]
[Round "10"]
[TimeControl "180+1"]
[Date "2021.07.27"]
[WhiteClock "0:00:06"]
[BlackClock "0:00:01"]

1. Nf3 c5 2. g3 Nc6 3. Bg2 g6 4. d4 cxd4 5. Nxd4 Bg7 6. Nb3 d6 7. Nc3 Nf6 8. h3 O-O 9. e4 Be6 10. Nd5 a5 11. a4 Ne5 12. O-O Nxd5 13. exd5 Bd7 14. c3 b5 15. axb5 Bxb5 16. Re1 Nd3 17. Bf1 Nxc1 18. Bxb5 Nxb3 19. Qxb3 Qb6 20. Rxe7 Rfb8 21. c4 Qd4 22. Qf3 Bf6 23. Re2 Kg7 24. Kg2 a4 25. Ra3 Ra7 26. h4 h5 27. Rd3 Qc5 28. Rdd2 Rbb7 29. g4 hxg4 30. Qxg4 Rb8 31. h5 Rh8 32. hxg6 fxg6 33. Be8 Rh6 34. Re4 a3 35. bxa3 Qxa3 36. Rde2 Qc1 37. Re1 Qg5 38. Qxg5 Bxg5 39. Re6 Bf4 40. R1e4 Be5 41. R4xe5 dxe5 42. c5 Ra2 43. d6 Rd2 44. c6 Rh4 45. c7 1-0


[Site "https://www.chess.com"]

[Event "Titled Tuesday Blitz July 27 2021"]
[White "Oparin, Grigoriy"]
[Black "Ivanov, Oleg"]
[WhiteFideId "24125890"]
[BlackFideId "4103114"]
[WhiteElo "2628"]
[BlackElo "2776"]
[Result "1/2-1/2"]
[Round "10"]
[TimeControl "180+1"]
[Date "2021.07.27"]
[WhiteClock "0:01:42"]
[BlackClock "0:00:08"]

1. e4 c5 2. Nc3 Nc6 3. Bb5 Nd4 4. Nf3 Nxb5 5. Nxb5 d6 6. O-O Nf6 7. d4 a6 8. Nc3 cxd4 9. Qxd4 e5 10. Qd3 h6 11. b3 Be7 12. Rd1 Be6 13. Ba3 Rc8 14. Ne2 Qc7 15. c4 Rd8 16. Nc3 O-O 17. Rac1 d5 18. Bxe7 Qxe7 19. Nxd5 Bxd5 20. cxd5 Ne8 21. Nd2 Nd6 22. Nc4 Nb5 23. f3 Rc8 24. d6 Qg5 25. Qd2 Nd4 26. Qxg5 hxg5 27. Kf2 f6 28. Nb6 Rxc1 29. Rxc1 Rd8 30. Rc8 Rxc8 31. Nxc8 Kf7 32. d7 Nc6 33. Nd6+ Ke7 34. Nxb7 Kxd7 35. Nc5+ Kc7 36. Nxa6+ Kb6 37. Kg3 Kxa6 38. Kg4 g6 39. g3 Kb5 40. h4 gxh4 41. gxh4 Nd4 42. f4 exf4 43. Kxf4 Ne2+ 44. Kg4 Nc3 45. Kf4 Ne2+ 46. Ke3 Nc1 47. e5 fxe5 48. Ke4 Nxa2 49. Kxe5 Nc3 50. Kf6 Ne4+ 51. Kxg6 Ng3 52. Kg5 Kb4 53. Kg4 Ne4 54. Kf4 Nf6 55. Kf5 Nh5 56. Kg4 Nf6+ 57. Kg5 Ne4+ 58. Kg6 Ng3 59. Kf6 Kxb3 60. Kg5 Kc4 61. Kf4 Nh5+ 62. Kf5 Kd5 63. Kg5 Ng3 64. Kg4 Ne4 65. h5 Nf6+ 66. Kg5 Nxh5 1/2-1/2


[Site "https://www.chess.com"]

[Event "Titled Tuesday Blitz July 27 2021"]
[White "Osmonbekov, Talaibek"]
[Black "Wong, Yinn Long"]
[WhiteFideId "2017253"]
[BlackFideId "5707684"]
[WhiteElo "2135"]
[BlackElo "2016"]
[Result "0-1"]
[Round "10"]
[TimeControl "180+1"]
[Date "2021.07.27"]
[WhiteClock "0:00:24"]
[BlackClock "0:01:49"]

1. d4 Nf6 2. Nc3 d5 3. Bf4 e6 4. e3 Bb4 5. Bd3 c5 6. dxc5 Bxc3+ 7. bxc3 Nc6 8. Nf3 Qa5 9. O-O Qxc5 10. Qd2 O-O 11. Rab1 Re8 12. Ne5 a6 13. h3 h6 14. a4 Qa5 15. Ra1 Nd7 16. Nxd7 Bxd7 17. e4 Rad8 18. Rfe1 Qc5 19. Rab1 Na5 20. exd5 Qxd5 21. Bxh6 Bxa4 22. Rb4 Bxc2 23. Qg5 Qxg5 24. Bxg5 Rxd3 0-1


[Site "https://www.chess.com"]

[Event "Titled Tuesday Blitz July 27 2021"]
[White "Perez Ponsa, Federico"]
[Black "Sarana, Alexey"]
[WhiteFideId "117927"]
[BlackFideId "24133795"]
[WhiteElo "2672"]
[BlackElo "2646"]
[Result "0-1"]
[Round "10"]
[TimeControl "180+1"]
[Date "2021.07.27"]
[WhiteClock "0:00:01"]
[BlackClock "0:01:03"]

1. d4 Nf6 2. c4 e6 3. Nc3 Bb4 4. Qc2 O-O 5. e4 d5 6. e5 Ne4 7. Bd3 c5 8. Nf3 cxd4 9. Nxd4 Nd7 10. Bf4 Ndc5 11. O-O Bxc3 12. bxc3 Nxd3 13. Qxd3 b6 14. cxd5 Qxd5 15. Rfd1 Bb7 16. f3 Nc5 17. Qe3 Rad8 18. h4 h6 19. Rab1 Kh7 20. Kh2 Qxa2 21. Ra1 Qc4 22. Rxa7 Ra8 23. Rxb7 Nxb7 24. Qe4+ Kg8 25. Qxb7 Qxc3 26. Nxe6 Rfb8 27. Qc7 Qb3 28. Rd6 Rc8 29. Nd4 Rxc7 30. Nxb3 Ra4 31. Kg3 Rcc4 32. Be3 Rc3 33. Bxb6 Rxb3 34. e6 fxe6 35. Bf2 Rb2 36. Rd7 Raa2 37. Bd4 Rxg2+ 38. Kf4 Rae2 39. h5 Rg5 40. Rd8+ Kh7 41. Be5 Rf5+ 42. Kg4 Rexe5 0-1


[Site "https://www.chess.com"]

[Event "Titled Tuesday Blitz July 27 2021"]
[White "Piesik, Piotr"]
[Black "Chernomordik, Pavel"]
[WhiteFideId "1136194"]
[BlackFideId "2804530"]
[WhiteElo "2354"]
[BlackElo "2273"]
[Result "1-0"]
[Round "10"]
[TimeControl "180+1"]
[Date "2021.07.27"]
[WhiteClock "0:00:25"]
[BlackClock "0:00:03"]

1. Nf3 g6 2. g3 Bg7 3. d4 d6 4. Bg2 Nf6 5. O-O O-O 6. Nbd2 c6 7. e4 a6 8. Qe2 b5 9. a4 Bb7 10. e5 Nd5 11. e6 f5 12. c3 c5 13. dxc5 dxc5 14. axb5 axb5 15. Rxa8 Bxa8 16. Qxb5 Qd6 17. Re1 Nc7 18. Qe2 Bd5 19. Ng5 Bxg2 20. Kxg2 Nc6 21. Nc4 Qd5+ 22. Kg1 h6 23. Nf3 Rd8 24. Bf4 Ne8 25. h4 Kh7 26. Nb6 Qb3 27. Nd7 Nf6 28. Nxc5 Qd5 29. b4 Nh5 30. Be5 Nxe5 31. Nxe5 Nf6 32. c4 Qa8 33. b5 Ne4 34. Nxe4 Bxe5 35. Nc5 Bd4 36. Nd7 Qa3 37. Kg2 Rc8 38. Rd1 Qa7 39. h5 g5 40. Qd3 Bg7 41. Qxf5+ Kh8 42. Ne5 Qb7+ 43. Qf3 Qc7 44. Nf7+ Kg8 45. Rd7 Qxc4 46. Rxe7 g4 47. Nxh6+ Kh8 48. Nf7+ Kg8 49. Qf5 Qd5+ 50. Qxd5 1-0


[Site "https://www.chess.com"]

[Event "Titled Tuesday Blitz July 27 2021"]
[White "Potapova, Margarita"]
[Black "Prydun, Andriy"]
[WhiteFideId "14126869"]
[BlackFideId "14145898"]
[WhiteElo "2229"]
[BlackElo "2024"]
[Result "1/2-1/2"]
[Round "10"]
[TimeControl "180+1"]
[Date "2021.07.27"]
[WhiteClock "0:00:31"]
[BlackClock "0:00:05"]

1. d4 e6 2. c4 c5 3. d5 exd5 4. cxd5 d6 5. Nc3 Nf6 6. Nf3 g6 7. Bf4 a6 8. a4 b6 9. h3 Ra7 10. e3 Bg7 11. Be2 O-O 12. O-O Ne8 13. Nd2 Nd7 14. Nc4 Ne5 15. Bxe5 dxe5 16. Qb3 Rb7 17. Rfd1 Rb8 18. Ne4 Bf5 19. Ng3 Bc8 20. Ne4 Bf5 21. Nc3 Bc8 22. Bf1 Nd6 23. Nxd6 Qxd6 24. Ne4 Qd8 25. Nxc5 Ra8 26. Ne4 Bb7 27. Nc3 Qd6 28. Ne4 Qd8 29. Rac1 h6 30. Qb4 Qh4 31. Rc7 Rab8 32. g3 Qd8 33. d6 f5 34. Nc3 Bf3 35. Rd2 f4 36. Bc4+ Kh8 37. Bd5 fxg3 38. fxg3 Qg5 1/2-1/2


[Site "https://www.chess.com"]

[Event "Titled Tuesday Blitz July 27 2021"]
[White "Preotu, Razvan"]
[Black "Ovchinnikov, Vsevolod"]
[WhiteFideId "2613280"]
[BlackFideId "24176842"]
[WhiteElo "2407"]
[BlackElo "2376"]
[Result "1-0"]
[Round "10"]
[TimeControl "180+1"]
[Date "2021.07.27"]
[WhiteClock "0:00:04"]
[BlackClock "0:00:07"]

1. e4 g6 2. d4 Bg7 3. Nc3 a6 4. Be3 b5 5. a4 b4 6. Na2 a5 7. c3 bxc3 8. Nxc3 e6 9. Bd3 Ne7 10. h4 h5 11. Nf3 Ba6 12. Nb5 O-O 13. Bg5 d6 14. Rc1 c6 15. Nc3 Bxd3 16. Qxd3 Na6 17. Qd2 Qd7 18. O-O Nb4 19. Nd1 Ra7 20. Ne3 f6 21. Bf4 e5 22. Bg3 Qe6 23. dxe5 dxe5 24. Rfd1 Bh6 25. Qe2 Rb8 26. Rc5 Bxe3 27. Qxe3 Rd7 28. Rxd7 Qxd7 29. Rxa5 Qd3 30. Qc5 Qd7 31. Ra7 Rb7 32. Rxb7 Qxb7 33. Nxe5 fxe5 34. Bxe5 Kh7 35. Qc4 Nc8 36. Bc3 Na6 37. Qd4 Kg8 38. Qh8+ Kf7 39. Qg7+ Ke6 40. Qxb7 1-0


[Site "https://www.chess.com"]

[Event "Titled Tuesday Blitz July 27 2021"]
[White "Pridorozhni, Aleksei"]
[Black "Ismagilov, Damir"]
[WhiteFideId "4127870"]
[BlackFideId "34199982"]
[WhiteElo "2565"]
[BlackElo "2075"]
[Result "1-0"]
[Round "10"]
[TimeControl "180+1"]
[Date "2021.07.27"]
[WhiteClock "0:01:43"]
[BlackClock "0:00:14"]

1. e4 c5 2. Nc3 Nc6 3. Bb5 Nd4 4. Nf3 e6 5. O-O a6 6. Bd3 Ne7 7. Nxd4 cxd4 8. Ne2 Nc6 9. c3 Bc5 10. b4 Ba7 11. Bb2 e5 12. a3 O-O 13. cxd4 exd4 14. Bc4 d6 15. Bd5 Bg4 16. d3 Qg5 17. Kh1 Ne5 18. f3 Bh5 19. Bxd4 Bxd4 20. Nxd4 Qe3 21. Nf5 Qxd3 22. Nxd6 Ra7 23. Nxb7 Qe3 24. Qe1 Qh6 25. Nc5 a5 26. Qg3 axb4 27. Qxe5 Rxa3 28. Rxa3 bxa3 29. Qc3 g5 30. Nd7 Rd8 31. Nf6+ Kf8 32. Qxa3+ Kg7 33. Nxh5+ Qxh5 34. Qc3+ Kg8 35. Qf6 Re8 36. Rd1 Rf8 37. h3 Qh4 38. Bxf7+ Rxf7 39. Rd8+ 1-0


[Site "https://www.chess.com"]

[Event "Titled Tuesday Blitz July 27 2021"]
[White "Primbetov, Kazbek"]
[Black "Gubanov, Oleg"]
[WhiteFideId "13702297"]
[BlackFideId "14115115"]
[WhiteElo "2184"]
[BlackElo "2251"]
[Result "1-0"]
[Round "10"]
[TimeControl "180+1"]
[Date "2021.07.27"]
[WhiteClock "0:01:12"]
[BlackClock "0:00:41"]

1. f4 d5 2. Nf3 c5 3. b3 Nc6 4. Bb2 Nf6 5. e3 g6 6. Bb5 Bg7 7. O-O O-O 8. Bxc6 bxc6 9. c4 a5 10. Nc3 a4 11. Nxa4 dxc4 12. bxc4 Ba6 13. d3 Bxc4 14. Nxc5 Bb5 15. a4 Qd5 16. Rc1 Ba6 17. Ne5 Bc8 18. e4 Qd6 19. d4 Qc7 20. Qf3 Rd8 21. Rfd1 Qa5 22. Qb3 Ng4 23. Nxf7 1-0


[Site "https://www.chess.com"]

[Event "Titled Tuesday Blitz July 27 2021"]
[White "Quintiliano Pinto, Renato R."]
[Black "Najdin, Danil"]
[WhiteFideId "2117568"]
[BlackFideId "4172426"]
[WhiteElo "2439"]
[BlackElo "2193"]
[Result "0-1"]
[Round "10"]
[TimeControl "180+1"]
[Date "2021.07.27"]
[WhiteClock "0:00:06"]
[BlackClock "0:00:11"]

1. Nf3 Nf6 2. c4 g6 3. Nc3 Bg7 4. d4 d6 5. Bg5 O-O 6. e3 c6 7. Be2 Nbd7 8. Qc2 e5 9. O-O Qe7 10. Rfd1 h6 11. Bh4 g5 12. Bg3 Nh5 13. dxe5 Nxg3 14. hxg3 Nxe5 15. Rd2 Be6 16. Nd4 f5 17. Rad1 Rad8 18. b3 f4 19. exf4 gxf4 20. Ne4 fxg3 21. Nxg3 c5 22. Nxe6 Qxe6 23. Qe4 Qf6 24. Bh5 Nc6 25. Re1 Nd4 26. Qxb7 Qg5 27. Qd5+ Qxd5 28. cxd5 Be5 29. Ne4 Bf4 30. Rd3 Rf5 31. Bg4 Rff8 32. g3 Be5 33. Nxc5 Bxg3 34. fxg3 dxc5 35. Be6+ Kg7 36. Kg2 Rf6 37. Rf1 Rxf1 38. Kxf1 Nxe6 0-1


[Site "https://www.chess.com"]

[Event "Titled Tuesday Blitz July 27 2021"]
[White "Quparadze, Giga"]
[Black "Nakamura, Hikaru"]
[WhiteFideId "13602250"]
[BlackFideId "2016192"]
[WhiteElo "2658"]
[BlackElo "2900"]
[Result "1/2-1/2"]
[Round "10"]
[TimeControl "180+1"]
[Date "2021.07.27"]
[WhiteClock "0:00:28"]
[BlackClock "0:00:30"]

1. e4 d5 2. exd5 Qxd5 3. Nc3 Qa5 4. Nf3 c6 5. d4 Bf5 6. Bc4 e6 7. Bd2 Nf6 8. Qe2 Bb4 9. a3 O-O 10. O-O Bxc3 11. Bxc3 Qc7 12. Ne5 Nbd7 13. Nxd7 Qxd7 14. a4 Nd5 15. Bd2 Bxc2 16. Bxd5 cxd5 17. Bb4 Rfc8 18. a5 Rc4 19. Bc5 Bg6 20. Rfc1 Rxc1+ 21. Rxc1 Rc8 22. Qd2 a6 23. Bb6 Rc4 24. b3 Rc6 25. Rc5 Rxc5 26. Bxc5 Qb5 27. b4 h6 28. h3 Qc4 29. Qf4 Qe2 30. Qe5 Qd2 31. f3 Bd3 32. Qb8+ Kh7 33. Qxb7 Qe3+ 34. Kh2 Bf1 35. Qc7 Qd2 36. Qg3 g5 37. Kg1 Qd1 38. Qf2 Bb5+ 39. Kh2 Qc1 40. Bd6 f5 41. f4 Bd3 42. Be5 Kg6 43. Qg3 Qd2 44. fxg5 hxg5 45. h4 Bf1 46. Qxg5+ Qxg5 47. hxg5 Kxg5 48. Kg3 Bb5 49. Kf3 Kg6 50. Kf4 Bc4 51. g3 Bb5 52. Bd6 Bc4 53. Ke5 Kf7 54. Bc5 Bb5 55. Bd6 Bc4 56. Kf4 Bb5 57. Bc5 Bc4 58. Bd6 Bb5 59. Bc5 Bc4 60. Bd6 1/2-1/2


[Site "https://www.chess.com"]

[Event "Titled Tuesday Blitz July 27 2021"]
[White "Rodriguez Hernandez, Luis Daniel"]
[Black "Le, Tuan Minh"]
[WhiteFideId "3506770"]
[BlackFideId "12401153"]
[WhiteElo "2133"]
[BlackElo "2450"]
[Result "1/2-1/2"]
[Round "10"]
[TimeControl "180+1"]
[Date "2021.07.27"]
[WhiteClock "0:00:06"]
[BlackClock "0:00:11"]

1. e4 c5 2. c3 Nf6 3. e5 Nd5 4. d4 cxd4 5. Nf3 Nc6 6. Bc4 Nb6 7. Bb3 d5 8. exd6 e6 9. cxd4 Bxd6 10. Nc3 O-O 11. O-O Be7 12. a3 Bd7 13. Qd3 Rc8 14. Bf4 Re8 15. Rad1 Bf8 16. Ng5 g6 17. d5 exd5 18. Nxd5 Be6 19. Nxe6 fxe6 20. Nc7 Qxd3 21. Rxd3 Re7 22. Bxe6+ Rxe6 23. Nxe6 Be7 24. Nc7 Bf6 25. b4 Be5 26. Bxe5 Nxe5 27. Rc3 Rd8 28. Ne6 Rd6 29. Nc5 Rd2 30. Nxb7 Nd5 31. Rc8+ Kg7 32. Rd8 Nf7 33. Rd7 Kf6 34. Re1 Nh6 35. Nc5 Nf5 36. Ne4+ Ke6 37. Nc5+ Kf6 38. Ne4+ Ke6 39. Rd8 Ke7 40. Nxd2+ Kxd8 41. Nc4 Kc7 42. Ne5 Nb6 43. Rc1+ Kb7 44. Nc4 Nd4 45. Nxb6 Ne2+ 46. Kf1 Nxc1 47. Na4 Kc6 48. Nc3 Nd3 49. Ke2 Nb2 50. Ke3 Nc4+ 51. Kd4 Nxa3 52. g4 Nc2+ 53. Kc4 Ne1 54. h4 Nf3 55. h5 Ne5+ 56. Kd4 Nxg4 57. hxg6 hxg6 58. f3 Nf6 59. Ke5 Nh5 60. Ke6 Kb6 61. Kd5 Nf4+ 62. Ke5 Nd3+ 63. Kf6 Nxb4 64. Kxg6 Kc5 65. f4 Kc4 66. Na4 Nd5 67. f5 Kb4 68. Nb2 Kc3 69. Na4+ Kb4 70. Nb2 Kb3 71. Nd3 a5 72. f6 Nxf6 73. Kxf6 Kc4 74. Nb2+ Kb3 75. Nd3 Kc3 76. Nc5 Kc4 77. Na4 Kb4 78. Nb2 a4 79. Nxa4 1/2-1/2


[Site "https://www.chess.com"]

[Event "Titled Tuesday Blitz July 27 2021"]
[White "Sadovsky, Artem"]
[Black "Petrovskyi, Vadym"]
[WhiteFideId "4155840"]
[BlackFideId "14165210"]
[WhiteElo "2442"]
[BlackElo "2305"]
[Result "0-1"]
[Round "10"]
[TimeControl "180+1"]
[Date "2021.07.27"]
[WhiteClock "0:02:32"]
[BlackClock "0:02:51"]

1. Nf3 Nf6 2. g3 g6 3. Bg2 Bg7 4. O-O O-O 5. c4 d6 6. b3 e5 7. Bb2 Nc6 8. d4 Qe7 9. dxe5 dxe5 10. Nc3 Rd8 11. Qc1 e4 12. g4 exf3 0-1


[Site "https://www.chess.com"]

[Event "Titled Tuesday Blitz July 27 2021"]
[White "Salinas Herrera, Pablo"]
[Black "Libiszewski, Fabien"]
[WhiteFideId "3407128"]
[BlackFideId "616834"]
[WhiteElo "2541"]
[BlackElo "2440"]
[Result "1-0"]
[Round "10"]
[TimeControl "180+1"]
[Date "2021.07.27"]
[WhiteClock "0:00:13"]
[BlackClock "0:00:02"]

1. d4 Nf6 2. Nf3 g6 3. Nbd2 Bg7 4. e4 d6 5. Bb5+ c6 6. Bd3 O-O 7. O-O Nbd7 8. Re1 Qc7 9. c3 e5 10. Nf1 Nh5 11. Ng3 Nxg3 12. hxg3 Re8 13. Be3 Nf8 14. Qc2 Bg4 15. Nh2 Bd7 16. f3 Rad8 17. Nf1 Bc8 18. Bf2 Ne6 19. dxe5 dxe5 20. Rad1 h5 21. Bc4 Bf8 22. b4 b5 23. Bb3 c5 24. a3 c4 25. Ba2 a5 26. Ne3 Bb7 27. Nd5 Bxd5 28. exd5 Ng7 29. a4 axb4 30. cxb4 Bxb4 31. Re4 Bc5 32. axb5 Qb6 33. Rxc4 Bxf2+ 34. Qxf2 Qxb5 35. Rc7 Nf5 36. Qa7 Nd6 37. Qe3 Rb8 38. Kh2 Qa4 39. Rd2 h4 40. Qg5 hxg3+ 41. Qxg3 Rb4 42. Rc6 Nf5 43. Rxg6+ Kh7 44. Qg5 fxg6 45. g4 Nd6 46. Kg3 Kg7 47. Rh2 Rh8 48. Qxe5+ Kf7 49. Rxh8 1-0


[Site "https://www.chess.com"]

[Event "Titled Tuesday Blitz July 27 2021"]
[White "Shkapenko, Pavel"]
[Black "Moroni, Luca Jr"]
[WhiteFideId "4151933"]
[BlackFideId "865834"]
[WhiteElo "2386"]
[BlackElo "2491"]
[Result "0-1"]
[Round "10"]
[TimeControl "180+1"]
[Date "2021.07.27"]
[WhiteClock "0:00:14"]
[BlackClock "0:00:23"]

1. e4 e5 2. Nf3 Nc6 3. Bc4 Bc5 4. c3 Nf6 5. d4 exd4 6. b4 Be7 7. e5 Ne4 8. b5 Na5 9. Bd3 d5 10. cxd4 O-O 11. O-O c6 12. Nbd2 Bf5 13. Qc2 Nxd2 14. Bxf5 Nxf3+ 15. gxf3 g6 16. Bd3 cxb5 17. f4 Rc8 18. Qe2 Nc6 19. f5 Bg5 20. f4 Nxd4 21. Qf2 Be7 22. f6 Bc5 23. Be3 Qb6 24. Kh1 Ne6 25. Bxc5 Qxc5 26. Qh4 Qe3 27. Rad1 Rc3 28. Bb1 Rc4 29. Rxd5 Rxf4 30. Qe1 Rxf1+ 31. Qxf1 Rc8 32. Rd1 Qxe5 33. Qg2 Qxf6 34. Qxb7 Rd8 35. Re1 Qf2 0-1


[Site "https://www.chess.com"]

[Event "Titled Tuesday Blitz July 27 2021"]
[White "Sihite, Chelsie Monica Ignesias"]
[Black "Perez Gormaz, Matias"]
[WhiteFideId "7101198"]
[BlackFideId "3406342"]
[WhiteElo "2224"]
[BlackElo "2414"]
[Result "0-1"]
[Round "10"]
[TimeControl "180+1"]
[Date "2021.07.27"]
[WhiteClock "0:01:44"]
[BlackClock "0:00:58"]

1. c4 e6 2. Nf3 d5 3. cxd5 exd5 4. g3 Nf6 5. Bg2 Be7 6. O-O O-O 7. d4 c6 8. Nc3 Bf5 9. Ne5 Nbd7 10. Nxd7 Qxd7 11. Bf4 Rfe8 12. Bg5 h6 13. Bxf6 Bxf6 14. e3 g6 15. Re1 h5 16. h4 Re7 17. Na4 Rae8 18. Nc5 Qd6 19. Rc1 Kg7 20. Qb3 Bc8 21. Red1 g5 22. hxg5 Bxg5 23. Qd3 Rxe3 24. fxe3 Bxe3+ 25. Kh1 Qxg3 26. Rg1 Bg4 27. Qf1 Bf4 0-1


[Site "https://www.chess.com"]

[Event "Titled Tuesday Blitz July 27 2021"]
[White "Sinitsina, Anastassia"]
[Black "Gurevich, Dmitry"]
[WhiteFideId "4504640"]
[BlackFideId "2000407"]
[WhiteElo "2204"]
[BlackElo "2506"]
[Result "0-1"]
[Round "10"]
[TimeControl "180+1"]
[Date "2021.07.27"]
[WhiteClock "0:00:07"]
[BlackClock "0:00:09"]

1. e4 c5 2. d3 d5 3. Nd2 Nc6 4. g3 g6 5. Bg2 d4 6. Ngf3 Bg7 7. O-O e5 8. a4 Nge7 9. Nc4 O-O 10. Ne1 f5 11. exf5 Bxf5 12. f4 Qd7 13. Nf3 exf4 14. Bxf4 Rad8 15. Qd2 Bh3 16. Rae1 Bxg2 17. Qxg2 Nd5 18. Bd6 Ne3 19. Nxe3 Qxd6 20. Nc4 Qc7 21. Ng5 Rxf1+ 22. Rxf1 Qd7 23. Re1 h6 24. Ne4 Qd5 25. Rf1 Kh8 26. Nf6 Qxg2+ 27. Kxg2 b6 28. Ne4 Kg8 29. Rf2 Rf8 30. Rxf8+ Kxf8 31. Kf2 Ke7 32. Ke2 Ke6 33. Kd2 Bf8 34. Na3 Be7 35. Nb5 Kf5 36. h3 h5 37. Nbd6+ Ke6 38. Nb5 g5 39. Nc7+ Kf5 40. Nd5 g4 41. Nxe7+ Nxe7 42. h4 Nc6 43. Ke2 Nb4 44. Kd2 Nd5 45. Nd6+ Ke6 46. Ne4 Ne3 47. c3 Ke5 48. Ke2 dxc3 49. bxc3 Nf5 50. Kf2 a6 51. Nd2 b5 52. axb5 axb5 53. Nb3 Kd5 54. Nd2 Nd6 55. Nb3 c4 56. Nc1 cxd3 57. Nxd3 Ne4+ 58. Kg2 Kc4 59. Nf4 Nf6 60. Ne2 Kd3 61. Nd4 Kc4 62. Ne2 Nd5 63. Kf2 Nxc3 64. Nf4 Ne4+ 65. Ke3 Nf6 66. Kd2 b4 67. Kc2 Kd4 68. Kb3 Ke4 69. Kxb4 Kf3 70. Kc5 Kxg3 71. Ng6 Kf3 72. Kd4 g3 73. Ke5 g2 74. Kxf6 g1=Q 75. Kf5 Qg4+ 76. Kf6 Ke4 77. Kf7 Kf5 78. Ne7+ Kf4 79. Ng6+ Kg3 80. Kf6 Qxg6+ 0-1


[Site "https://www.chess.com"]

[Event "Titled Tuesday Blitz July 27 2021"]
[White "Siva Mahadevan"]
[Black "Lee, Qing Aun"]
[WhiteFideId "25043153"]
[BlackFideId "5804167"]
[WhiteElo "2203"]
[BlackElo "2023"]
[Result "1-0"]
[Round "10"]
[TimeControl "180+1"]
[Date "2021.07.27"]
[WhiteClock "0:00:45"]
[BlackClock "0:00:19"]

1. e4 e6 2. d4 d5 3. Nd2 Be7 4. Ngf3 c5 5. exd5 cxd4 6. Bb5+ Bd7 7. Qe2 exd5 8. O-O Bxb5 9. Qxb5+ Qd7 10. Nxd4 Nc6 11. N2f3 Nf6 12. Re1 O-O 13. Bg5 Rfe8 14. Rad1 Rad8 15. Nxc6 bxc6 16. Qa4 h6 17. Ne5 Qf5 18. Nxc6 Bc5 19. Be3 Bxe3 20. fxe3 Rd6 21. Nd4 Qg6 22. Qxa7 Ne4 23. Qc7 Ng5 24. Kh1 Ne4 25. Rf1 Rf6 26. Kg1 Ng5 27. Rxf6 Qxf6 28. Qc6 Qe5 29. Re1 Ne4 30. Nf3 Qxb2 31. Qxe8+ 1-0


[Site "https://www.chess.com"]